 Dungeon Crawl Stone Soup version 0.29-a0-598-gd8304a5bf4 (webtiles) character file.

Game seed: 9765327853863409616

62 chronatog the Thrower (level 4, -3/32 HPs)
             Began as a Gnoll Wanderer on June 16, 2022.
             Slain by Grinder (5 damage)
             ... while paralysed by Grinder
             ... on level 3 of the Dungeon.
             The game lasted 00:14:44 (1818 turns).

chronatog the Thrower (Gnoll Wanderer)              Turns: 1818, Time: 00:14:45

Health: -3/32      AC:  4    Str:  7    XL:     4   Next: 8%
Magic:  11/13      EV:  2    Int: 15    God:
Gold:   64         SH:  0    Dex: 14    Spells: 10/17 levels left

rFire   . . .      SeeInvis .   a - +2 dagger
rCold   . . .      Faith    .   c - +0 buckler
rNeg    . . .      Spirit   .   e - +0 robe
rPois   .          Reflect  .   f - +0 helmet
rElec   .          Harm     .   (no cloak)
rCorr   .          Rampage  .   u - +0 pair of gloves
Will    .....                   (no boots)
Stlth   ++........              (no amulet)
HPRegen 0.10/turn               (no ring)
MPRegen 0.13/turn               (no ring)

@: paralysed
A: fangs 1, strong nose, distributed training
a: no special abilities


You were on level 3 of the Dungeon.
You visited 1 branch of the dungeon, and saw 3 of its levels.

You collected 64 gold pieces.

Inventory:

Hand Weapons
 a - a +2 dagger (weapon)
Missiles
 b - a curare-tipped dart (quivered)
 h - 11 poisoned darts
Armour
 c - a +0 buckler (worn)
 e - a +0 robe (worn)
 f - a +0 helmet (worn)
 u - a +0 pair of gloves (worn)
Wands
 s - a wand of charming (6)
Scrolls
 i - a scroll of silence {unknown}
 n - 2 scrolls of blinking {unknown}
 o - a scroll of teleportation {unknown}
 t - a scroll of poison {unknown}
 v - a scroll of enchant armour {unknown}
Potions
 d - 3 potions of might
 g - a potion of attraction {unknown}
 j - a potion of cancellation {unknown}
 k - a potion of invisibility {unknown}
 l - 2 potions of curing {unknown}
 m - a potion of berserk rage {unknown}
 p - a potion of heal wounds {unknown}
 q - a potion of lignification {unknown}
 r - 2 potions of brilliance {unknown}


   Skills:
 + Level 1.0 Fighting
 + Level 1.0 Short Blades
 + Level 1.0 Long Blades
 + Level 1.0 Axes
 + Level 1.0 Maces & Flails
 + Level 1.0 Polearms
 + Level 1.0 Staves
 + Level 1.0 Slings
 + Level 1.0 Bows
 + Level 1.0 Crossbows
 + Level 10.4 Throwing
 + Level 1.0 Armour
 + Level 1.0 Dodging
 + Level 1.0 Stealth
 + Level 2.7 Shields
 + Level 1.0 Unarmed Combat
 + Level 7.2 Spellcasting
 + Level 0.7 Conjurations
 + Level 0.7 Hexes
 + Level 0.7 Summonings
 + Level 0.7 Necromancy
 + Level 0.7 Translocations
 + Level 0.7 Transmutations
 + Level 2.2 Fire Magic
 + Level 0.7 Ice Magic
 + Level 0.7 Air Magic
 + Level 0.7 Earth Magic
 + Level 0.7 Poison Magic
 + Level 1.1 Invocations
 + Level 1.0 Evocations


You had 10 spell levels left.
You knew the following spells:

 Your Spells              Type           Power      Damage    Failure   Level
a - Foxfire               Conj/Fire      36%        2x1d5     10%         1
b - Inner Flame           Hex/Fire       9%         N/A       28%         3
c - Stone Arrow           Conj/Erth      14%        3d7       36%         3

Your spell library contained the following spells:

 Spells                   Type           Power      Damage    Failure   Level
 Sting                    Tmut/Pois      28%        1d4       13%         1
 Poisonous Vapours        Pois/Air       14%        N/A       19%         2
 Animate Armour           Summ/Erth      14%        N/A       77%         4
 Olgreb's Toxic Radiance  Pois           7%         N/A       77%         4
 Lehudib's Crystal Spear  Conj/Erth      3%         10d3      100%        8


Dungeon Overview and Level Annotations

Branches:
Dungeon (3/15)

Altars:

Annotations:
D:3 Grinder


Innate Abilities, Weirdness & Mutations

You have very sharp teeth.
Your uncanny sense of smell can sniff out nearby items.
Your experience applies equally to all skills.


Message History

Your foxfire dissipates! x2
You swap places.
b - a curare-tipped dart
b - 2 curare-tipped darts (gained 1) Throw: 2 darts (curare)
Press: ? - help, Q - select action, (/) - cycle Shift-Dir - straight line, f/p - Grinder
Aim: Grinder (charmed, friendly, 61% to hit)
Really fire at your ally Grinder?
You throw a curare-tipped dart. The curare-tipped dart hits Grinder.
Grinder is no longer charmed.
Casting: Foxfire (safe; 10% risk of failure)
Confirm with . or Enter, or press ? or * to list all spells.
You conjure some foxfire!
Grinder hits you.
You writhe in agony.
You hit Grinder. You bite Grinder, but do no damage.
Grinder is lightly wounded.
The foxfire hits Grinder.
Grinder is lightly wounded.
The foxfire hits Grinder.
Grinder is moderately wounded.
Grinder hits you.
You writhe in agony.
Grinder barely misses you.
Casting: Foxfire (safe; 10% risk of failure)
Confirm with . or Enter, or press ? or * to list all spells.
You conjure some foxfire!
Grinder gestures at you. Pain shoots through your body!
You closely miss Grinder. Your bite misses Grinder.
Grinder is moderately wounded.
The foxfire hits Grinder.
Grinder is moderately wounded.
The foxfire hits Grinder.
Grinder is moderately wounded.
Grinder gestures at you.
You suddenly lose the ability to move!
Grinder hits you but does no damage. Grinder hits you.
You writhe in agony.
* * * LOW HITPOINT WARNING * * *
Grinder hits you.
* * * LOW HITPOINT WARNING * * *
You writhe in agony.
You die...

#.... #.... .$... #...
.....# #.. ....(# #.#
.....# #####.###.....#
#.............#
#...@.........#
#...5....### ####
#..†.....# #... ##
#.....#### #...
...#.....############...
........>.†.............
....#....#############...
....#....^...... #... ...
#.)......... #...


You could see Grinder.

Vanquished Creatures
  2 adders (D:3)
  2 worms
  3 dart slugs
  3 ball pythons
  2 bats (D:1)
  5 endoplasms
  A giant cockroach (D:3)
  3 hobgoblins
  A quokka (D:2)
  A frilled lizard (D:2)
  2 goblins
  4 kobolds
  4 rats (D:1)
33 creatures vanquished.

Vanquished Creatures (others)
  71 foxfires
71 creatures vanquished.

Grand Total: 104 creatures vanquished

Notes
Turn   | Place    | Note
-------+----------+-------------------------------------------
     0 | D:1      | Reached skill level 10 in Throwing
     0 | D:1      | chronatog the Gnoll Wanderer began the quest for the Orb.
     0 | D:1      | chronatog set off with the following items: a +2 dagger, 2
                  | curare-tipped darts, a +0 buckler, a potion of might, a +0
                  | robe; and the following spell memorised: Foxfire; and the
                  | following spells available to memorise: Inner Flame.
     0 | D:1      | Reached XP level 1. HP: 13/13 MP: 8/8
    93 | D:1      | Found a faded altar of an unknown god.
   292 | D:1      | Reached XP level 2. HP: 19/19 MP: 6/10
  1006 | D:2      | Reached XP level 3. HP: 16/25 MP: 7/11
  1217 | D:2      | Learned a level 3 spell: Inner Flame
  1359 | D:2      | Learned a level 3 spell: Stone Arrow
  1539 | D:2      | Reached skill level 1 in Invocations
  1554 | D:2      | You fall into a shaft and drop 1 floor!
  1645 | D:3      | Reached skill level 1 in Fighting
  1645 | D:3      | Reached skill level 1 in Short Blades
  1645 | D:3      | Reached skill level 1 in Long Blades
  1645 | D:3      | Reached skill level 1 in Axes
  1645 | D:3      | Reached skill level 1 in Maces & Flails
  1645 | D:3      | Reached skill level 1 in Polearms
  1645 | D:3      | Reached skill level 1 in Staves
  1645 | D:3      | Reached skill level 1 in Slings
  1645 | D:3      | Reached skill level 1 in Bows
  1645 | D:3      | Reached skill level 1 in Crossbows
  1645 | D:3      | Reached skill level 1 in Armour
  1645 | D:3      | Reached skill level 1 in Dodging
  1645 | D:3      | Reached skill level 1 in Stealth
  1645 | D:3      | Reached skill level 1 in Unarmed Combat
  1645 | D:3      | Reached skill level 1 in Evocations
  1735 | D:3      | Reached XP level 4. HP: 32/32 MP: 7/13
  1795 | D:3      | Noticed Grinder
  1815 | D:3      | Paralysed by Grinder for 5 turns
  1818 | D:3      | Slain by Grinder

Illustrated notes

Levels and vault maps discovered:
D:1:      minmay_arrival_three_doors, layout_loops_ring,
          shapermc_ecumenical_altar_hornbeckon
D:2:      layout_rooms
D:3:      layout_basic, uniq_grinder

Skill      XL: |  1  2  3 |
---------------+----------+-----
Throwing       | | 10.4
Fire Magic     | 2 |  2.2
Invocations    | 1 |  1.1
Fighting       | 1 |  1.0
Short Blades   | 1 |  1.0
Long Blades    | 1 |  1.0
Axes           | 1 |  1.0
Maces & Flails | 1 |  1.0
Polearms       | 1 |  1.0
Staves         | 1 |  1.0
Slings         | 1 |  1.0
Bows           | 1 |  1.0
Crossbows      | 1 |  1.0
Armour         | 1 |  1.0
Dodging        | 1 |  1.0
Stealth        | 1 |  1.0
Unarmed Combat | 1 |  1.0
Evocations     | 1 |  1.0
Shields        | |  2.7
Spellcasting   | |  7.2
Conjurations   | |  0.7
Hexes          | |  0.7
Summonings     | |  0.7
Necromancy     | |  0.7
Translocations | |  0.7
Transmutations | |  0.7
Ice Magic      | |  0.7
Air Magic      | |  0.7
Earth Magic    | |  0.7
Poison Magic   | |  0.7

Action                   |  1- 3 |  4- 6 || total
-------------------------+-------+-------++-------
Melee: Dagger            |    54 |     2 ||    56
       Bite              |     2 |     1 ||     3
Throw: Dart              |     3 |     3 ||     6
 Cast: Foxfire           |    36 |     6 ||    42
Evoke: Wand              |       |     2 ||     2
 Stab: Sleeping          |     1 |       ||     1
Armor: Robe              |    11 |     1 ||    12
Dodge: Dodged            |    41 |     1 ||    42
Block: Buckler           |    13 |       ||    13

Table legend: (Time is in decaauts)
 A = Elapsed time spent in this place.
 B = Non-inter-level travel time spent in this place.
 C = Inter-level travel time spent in this place.
 D = Time resting spent in this place.
 E = Time spent auto-exploring this place.
 F = Levels seen in this place.
 G = Mean time per level.
                   A        B        C        D        E       F      G
               +--------+--------+--------+--------+--------+-----+--------+
         Total |   1825 |   1773 |     52 |    484 |    854 |   3 |  608.3 |
       Dungeon |   1825 |   1773 |     52 |    484 |    854 |   3 |  608.3 |
               +--------+--------+--------+--------+--------+-----+--------+

Top non-repeatable levels by time:
     D:1: 1105 daAuts
     D:2: 457 daAuts
     D:3: 262 daAuts
